 Dungeon Crawl Stone Soup version 0.31.0-12-g77e489cdc1 (webtiles) character file.

Game seed: 2202734266087375044

71 Dvallin the Ruffian (level 4, -1/38 HPs)
             Began as a Naga Shapeshifter on Feb 29, 2024.
             Slain by a black bear (6 damage)
             ... on level 3 of the Dungeon.
             The game lasted 00:03:49 (1565 turns).

Dvallin the Ruffian (Naga Shapeshifter)             Turns: 1565, Time: 00:03:50

Health: -1/38      AC:  2    Str: 18    XL:     4   Next: 24%
Magic:  4/4        EV:  9    Int: 11    God:
Gold:   61         SH:  0    Dex: 10    Spells: 3/3 levels left

rFire   . .          .
                       - Unarmed
rCold   . . .        l - orb {*channel}
rNeg    . . .        a - +0 animal skin
rPois   +            (helmet currently unavailable)
rElec   .            (cloak currently unavailable)
rCorr   .            (gloves currently unavailable)
SInv    +            (no barding)
Will    .....        (no amulet)
Stlth   ++           g - +4 ring of slaying
HPRegen 0.26/turn    (no ring)
MPRegen 0.09/turn

%: channel magic (20%)
@: short of breath, beast-form, very slow
A: beast (slay +1), AC +1, large, see invisible, deformed body, poison
resistance, slowness 2, spit poison 1, naga tail 1
a: Spit Poison, Begin Untransformation


You were on level 3 of the Dungeon.
You were a hulking beast.
You visited 1 branch of the dungeon, and saw 3 of its levels.

You collected 61 gold pieces.

Inventory:

Armour
 a - a +0 animal skin (worn)
 l - an orb of energy (worn)
 s - a +0 pair of gloves
Jewellery
 g - a +4 ring of slaying (left hand)
 j - a ring of willpower
 n - an amulet of guardian spirit
Talismans
 c - a beast talisman
 d - a flux talisman
Scrolls
 m - a scroll of brand weapon {unknown}
 o - a scroll of teleportation {unknown}
 p - a scroll of noise {unknown}
 q - a scroll of vulnerability {unknown}
 r - 2 scrolls of identify {unknown}
 t - a scroll of immolation {unknown}
Potions
 b - 2 potions of lignification
 e - a potion of mutation {unknown}
 f - a potion of curing {unknown}
 h - 2 potions of enlightenment {unknown}
 i - 3 potions of heal wounds {unknown}
 k - a potion of might {unknown}


   Skills:
 - Level 1.0 Fighting
 - Level 1.5 Dodging
 + Level 2.3 Stealth
 * Level 4.6 Unarmed Combat
 - Level 3.0 Shapeshifting


You had 3 spell levels left.
You didn't know any spells.
Your spell library contained the following spells:

 Spells                   Type           Power      Damage    Failure   Level
 Slow                     Hex            0%         N/A       56%         1
 Confusing Touch          Hex            0%         N/A       87%         3
 Sigil of Binding         Hex            0%         N/A       87%         3
 Vampiric Draining        Necr           0%         2d6       87%         3


Dungeon Overview and Level Annotations

Branches:
Dungeon (3/15)

Altars:


Innate Abilities, Weirdness & Mutations

You are a hulking beast.
Your limbs bulge with bestial killing power. (Slay +1)
Your serpentine skin is tough. (AC +1)
You have supernaturally acute eyesight. (SInv)
Armour fits poorly on your strangely shaped body.
Your system is resistant to poisons. (rPois)
You cover ground very slowly.
You can spit poison.
You have a snake-like lower body.


Message History

You are too injured to fight recklessly!
You are too injured to fight recklessly!
You are too injured to fight recklessly!
You are too injured to fight recklessly!
You are too injured to fight recklessly!
You are too injured to fight recklessly!
You are too injured to fight recklessly!
You are too injured to fight recklessly!
You are too injured to fight recklessly!
You are too injured to fight recklessly!
You are too injured to fight recklessly!
You are too injured to fight recklessly!
You are too injured to fight recklessly!
You are too injured to fight recklessly!
You are too injured to fight recklessly!
You are too injured to fight recklessly!
You are too injured to fight recklessly!
You are too injured to fight recklessly!
You are too injured to fight recklessly!
You are too injured to fight recklessly!
You are too injured to fight recklessly!
You are too injured to fight recklessly!
You are too injured to fight recklessly!
You barely miss the black bear.
The black bear is heavily wounded.
The black bear bites you!
* * * LOW HITPOINT WARNING * * *
The black bear claws you.
* * * LOW HITPOINT WARNING * * *
The black bear claws you.
* * * LOW HITPOINT WARNING * * *
Aiming: Spit Poison (1% risk of failure)
Press: ? - help, Shift-Dir - straight line, f - black bear
Aim: a black bear (heavily wounded, 70% to hit)
The splash of poison hits the black bear.
The black bear is poisoned.
The black bear is heavily wounded.
An adder comes into view.
The black bear bites you.
You die...

..#
########...#.........
<.#
.........###.........
..#
.........###..†......
###
...........#.........
.....................
..).....##.###.....##
##########.# ###.##
#.#### .# #..hh# #
####...S.# ####.#


You could see a black bear (poisoned) and an adder (wandering).

Vanquished Creatures
  2 adders
  A dart slug (D:2)
  4 bats
  4 endoplasms
  7 giant cockroaches
  5 hobgoblins
  3 quokkas
  4 ball pythons
  6 frilled lizards
  2 goblins
  4 kobolds
  7 rats
49 creatures vanquished.

Notes
Turn   | Place    | Note
-------+----------+-------------------------------------------
     0 | D:1      | Dvallin the Naga Shapeshifter began the quest for the Orb.
     0 | D:1      | Reached XP level 1. HP: 18/18 MP: 1/1
   121 | D:1      | Reached XP level 2. HP: 24/25 MP: 2/2
   764 | D:2      | Reached skill level 4 in Unarmed Combat
   797 | D:2      | Reached XP level 3. HP: 31/31 MP: 3/3
   800 | D:2      | Reached skill level 1 in Stealth
  1291 | D:2      | Reached XP level 4. HP: 32/38 MP: 4/4
  1559 | D:3      | Noticed a black bear
  1565 | D:3      | Slain by a black bear

Illustrated notes

Levels and vault maps discovered:
D:1:      roderic_chinese_lattice_arrival, layout_basic, serial_park_tiny_2
D:2:      layout_loops_ring
D:3:      layout_rooms, nicolae_gozag_cash_rules_everything_around_me,
          mainiacjoe_overflow_24_doors, mainiacjoe_overflow_alcove_1

Skill      XL: |  1  2  3 |
---------------+----------+-----
Unarmed Combat | 4 |  4.6
Stealth        | 2 |  2.3
Fighting       | |  1.0
Dodging        | |  1.5
Shapeshifting  | |  3.0

Action                     |  1- 3 |  4- 6 || total
---------------------------+-------+-------++-------
  Melee: Unarmed           |    95 |    15 ||   110
Ability: Spit Poison       |     1 |     1 ||     2
   Stab: Sleeping          |     1 |     2 ||     3
 Armour: Animal skin       |    62 |    18 ||    80
  Dodge: Dodged            |    46 |     5 ||    51
